 Dungeon Crawl Stone Soup version 0.29.1-2-gbd0b4ee654 (webtiles) character file.

Game seed: 17319388871608941547

105 safid the Shooter (level 4, 0/41 HPs)
             Began as a Minotaur Hunter on Nov 18, 2022.
             Succumbed to Terence's poison
             ... on level 3 of the Dungeon.
             The game lasted 00:02:53 (1973 turns).

safid the Shooter (Minotaur Hunter)                 Turns: 1973, Time: 00:02:54

Health: 0/41       AC:  4    Str: 15    XL:     4   Next: 53%
Magic:  3/3        EV: 12    Int:  6    God:
Gold:   98         SH:  0    Dex: 16    Spells: 3/3 levels left

rFire   . . .      SeeInvis .   a - +0 shortbow
rCold   + . .      Faith    .   (shield currently unavailable)
rNeg    . . .      Spirit   .   c - +0 leather armour
rPois   .          Reflect  .   (helmet restricted)
rElec   .          Harm     .   j - +0 cloak
rCorr   .          Rampage  .   (no gloves)
Will    .....                   (no boots)
Stlth   +.........              (no amulet)
HPRegen 0.13/turn               r - ring of protection from cold
MPRegen 0.08/turn               (no ring)

@: lethally poisoned (0 -> -22), flying
A: horns 2, retaliatory headbutt
a: no special abilities


You were on level 3 of the Dungeon.
You visited 1 branch of the dungeon, and saw 3 of its levels.

You collected 98 gold pieces.

Inventory:

Hand Weapons
 a - a +0 shortbow (weapon)
Armour
 c - a +0 leather armour (worn)
 j - a +0 cloak (worn)
Jewellery
 r - a ring of protection from cold (left hand)
Scrolls
 b - a scroll of immolation
 e - a scroll of summoning {unknown}
 g - a scroll of torment {unknown}
 i - a scroll of vulnerability {unknown}
 m - 3 scrolls of teleportation {unknown}
 n - a scroll of butterflies {unknown}
 o - a scroll of fear {unknown}
 p - a scroll of identify {unknown}
Potions
 d - a potion of heal wounds {unknown}
 f - a potion of curing {unknown}
 h - a potion of ambrosia {unknown}
 k - a potion of attraction {unknown}
 l - a potion of flight
 q - a potion of resistance {unknown}


   Skills:
 + Level 4.4 Fighting
 + Level 5.6 Ranged Weapons
 - Level 2.1 Dodging
 - Level 0.7 Stealth


You had 3 spell levels left.
You didn't know any spells.
Your spell library contained the following spells:

 Spells                   Type           Power      Damage    Failure   Level
 Ozocubu's Armour         Ice            0%         N/A       88%         3
 Ozocubu's Refrigeration  Ice            0%         4d7       100%        7


Dungeon Overview and Level Annotations

Branches:
Dungeon (3/15)

Altars:


Innate Abilities, Weirdness & Mutations

You have a pair of horns on your head.
You reflexively headbutt those who attack you in melee.


Message History

Fire: a) +0 shortbow
Press: ? - help, Q - select action Shift-Dir - straight line, f/p - Terence
Aim: Terence, wielding a +0 short sword of venom and wearing a +0 chain mail (almost dead, 71% to hit)
You shoot an arrow. The arrow hits Terence.
Terence is almost dead.
You feel sick.
The frilled lizard bites you but does no damage.
Terence hits you with a +0 short sword of venom.
You are more poisoned.
The kobold hits you but does no damage.
Fire: a) +0 shortbow
Press: ? - help, Q - select action Shift-Dir - straight line, f/p - Terence
Aim: Terence, wielding a +0 short sword of venom and wearing a +0 chain mail (almost dead, 71% to hit)
You shoot an arrow.
The arrow hits Terence but does no damage.
Terence is almost dead.
You feel very sick. The frilled lizard closely misses you.
The kobold barely misses you.
Terence screams, "I'm going to kill you!"
Terence hits you but does no damage.
You are lethally poisoned!
Terence hits you but does no damage.
You are more poisoned.
The frilled lizard misses you. The kobold closely misses you.
Fire: a) +0 shortbow
Press: ? - help, Q - select action Shift-Dir - straight line, f/p - Terence
Aim: Terence, wielding a +0 short sword of venom and wearing a +0 chain mail (almost dead, 71% to hit)
You shoot an arrow. The arrow hits Terence.
You kill Terence!
* * * LOW HITPOINT WARNING * * *
You feel extremely sick. The kobold barely misses you. You furiously retaliate!
You headbutt the kobold, but do no damage.
The frilled lizard closely misses you. You furiously retaliate!
You headbutt the frilled lizard!
You kill the frilled lizard!
It was a potion of flight.
You feel very buoyant.
You fly up into the air.
You die...

#.# ... #.. .....
#.# ..... ###.#
#.....#...# .
#.....#.#<####....
.................
##..#)#K####....
#...†@.# .
#....##†### #...
...# # .......
#######


You could see a kobold.

Vanquished Creatures
  Terence (D:3)
  2 adders (D:2)
  A worm (D:2)
  4 ball pythons
  8 endoplasms
  7 goblins
  3 hobgoblins
  3 jackals (D:1)
  A quokka (D:1)
  4 bats (D:2)
  5 frilled lizards
  7 kobolds
  8 rats
54 creatures vanquished.

Vanquished Creatures (others)
  A fungus (D:2)
  2 plants (D:2)
3 creatures vanquished.

Grand Total: 57 creatures vanquished

Notes
Turn   | Place    | Note
-------+----------+-------------------------------------------
     0 | D:1      | safid the Minotaur Hunter began the quest for the Orb.
     0 | D:1      | Reached XP level 1. HP: 18/18 MP: 0/0
   189 | D:1      | Reached XP level 2. HP: 25/25 MP: 1/1
   776 | D:1      | Reached skill level 5 in Ranged Weapons
   776 | D:1      | Reached XP level 3. HP: 31/31 MP: 2/2
  1527 | D:2      | Found a faded altar of an unknown god.
  1685 | D:2      | Reached XP level 4. HP: 30/40 MP: 3/3
  1959 | D:3      | Noticed Terence
  1972 | D:3      | Killed Terence
  1973 | D:3      | Succumbed to Terence's poison

Illustrated notes

Levels and vault maps discovered:
D:1:      spicycebolla_green_bress_n_ham_2, layout_loops_ring
D:2:      layout_basic, shapermc_ecumenical_altar_mp_urbaneastern,
          minmay_increasing_density
D:3:      layout_loops_ring, dk_vineyard_3, hangedman_glass_teeth,
          minmay_curled_crystal, kennysheep_generic_room_16, uniq_robin,
          uniq_terence, uniq_crazy_yiuf_cottage

Skill      XL: |  1  2  3 |
---------------+----------+-----
Fighting       | 3 4 |  4.4
Ranged Weapons | 5 |  5.6
Dodging        | |  2.1
Stealth        | |  0.7

Action                   |  1- 3 |  4- 6 || total
-------------------------+-------+-------++-------
 Fire: Shortbow          |   113 |    14 ||   127
  Use: Potion            |       |     1 ||     1
Armor: Leather armour    |    11 |     6 ||    17
Dodge: Dodged            |    27 |    22 ||    49
